 Dungeon Sprint DCSS version 0.31-a0-435-g2c6fae2916 (webtiles) character file.

Game seed: 2229524895512423148

77 rocky1 the Changeling (level 4, -4/32 HPs)
             Began as a Merfolk Shapeshifter on Aug 2, 2023.
             Was an Initiate of Gozag.
             Slain by a sky beast (5 damage)
             ... in the Dungeon (Sprint VII: "The Pits").
             The game lasted 00:00:45 (222 turns).

rocky1 the Changeling (Merfolk Shapeshifter)         Turns: 222, Time: 00:00:45

Health: -4/32      AC:  2    Str: 15    XL:     4   Next: 34%
Magic:  4/4        EV: 16    Int:  9    God:    Gozag
Gold:   234        SH:  0    Dex: 14    Spells: 3/3 levels left

rFire   . .          .
                       - Unarmed
rCold   . . .        (no shield)
rNeg    . . .        a - +0 animal skin
rPois   .            (helmet currently unavailable)
rElec   .            (cloak currently unavailable)
rCorr   .            (gloves currently unavailable)
SInv    .            (boots currently unavailable)
Will    .....        (no amulet)
Stlth   ++           (no ring)
HPRegen 0.25/turn    (no ring)
MPRegen 0.09/turn

%: no teleportation
@: beast-form, gold aura, very quick
A: beast (slay +5), nimble swimmer 2, mertail
a: Begin Untransformation, Renounce Religion, Potion Petition, Call Merchant,
Bribe Branch


You were in the Dungeon.
You worshipped Gozag.
Gozag was aware of your devotion.
You were a hulking beast.
You visited 1 branch You collected 234 gold pieces.

Inventory:

Armour
 a - a +0 animal skin (worn)
Talismans
 c - a beast talisman (active)
Scrolls
 i - a scroll of blinking
 k - 5 scrolls of amnesia
 l - a scroll of butterflies
Potions
 b - a potion of lignification
 d - a potion of curing
 f - a potion of haste
 g - 4 potions of magic
 h - 2 potions of berserk rage
 j - 2 potions of invisibility


   Skills:
 + Level 1.2 Fighting
 + Level 3.9 Dodging
 + Level 6.1 Unarmed Combat
 + Level 7.9 Shapeshifting


You had 3 spell levels left.
You didn't know any spells.
Your spell library was empty.

Dungeon Overview and Level Annotations

Branches:
Dungeon (1/1)

Altars:
Ashenzari
Cheibriados
Dithmenos
Elyvilon
Fedhas
Gozag
Hepliaklqana
Kikubaaqudgha
Makhleb
Nemelex Xobeh
Okawaru
Qazlal
Ru
Sif Muna
Trog
Uskayaw
Vehumet
Wu Jian
Xom
Yredelemnul
Zin
The Shining One
Jiyva
Lugonu


Innate Abilities, Weirdness & Mutations

You are a hulking beast.
Your limbs bulge with bestial killing power. (Slay +5)
You are very nimble when in or above water. (Stealth+, EV+, Speed+++)
Your lower body shifts to a powerful aquatic tail in water.


Message History

You barely miss the kobold. The kobold hits you with a +0 dagger.
You barely miss the kobold. The kobold hits you but does no damage.
You barely miss the kobold. You completely miss the kobold.
The sky beast is no longer distracted by gold.
The kobold barely misses you.
You barely miss the kobold. Your punch misses the kobold.
The kobold hits you with a +0 dagger.
You closely miss the kobold. The kobold hits you with a +0 dagger.
You hit the kobold.
The kobold is moderately wounded.
The kobold closely misses you.
You barely miss the kobold.
The kobold is moderately wounded.
The kobold closely misses you.
You hit the kobold.
The kobold is severely wounded.
The kobold hits you with a +0 dagger.
You closely miss the kobold.
The kobold is severely wounded.
The kobold completely misses you.
The sky beast flickers out of sight!
Deactivating autopickup; reactivate with Ctrl-A.
You hit the kobold but do no damage.
The kobold is severely wounded.
The kobold hits you with a +0 dagger.
You closely miss the kobold. You punch the kobold.
You kill the kobold!
Something hits you but does no damage.
There is an open door here.
Items here: $ ( )).
Your legs become a tail as you enter the water.
Something hits you. Something shocks you.
You miss something.
Your tail-slap misses something.
Something hits you. Something shocks you.
* * * LOW HITPOINT WARNING * * *
You hit something. Something hits you.
* * * LOW HITPOINT WARNING * * *
Something shocks you.
You die...
Your body crumbles into a pile of gold.

##########'##.......
#.?(.')))'.##......#
##########.##.......
#...........'.......
#+#####'#####......#
#..#..#..##.......
#..'..)..#####'###
##$####+###.......
#h{......##.......
#........##.......
#####+#####...<...
#....... #.......
#....... ########


There were no monsters in sight!

Vanquished Creatures
  A scorpion (D)
  A gnoll (D)
  2 giant cockroaches (D)
  A goblin (D)
  A quokka (D)
  A bat (D)
  A kobold (D)
  A rat (D)
9 creatures vanquished.

Notes
Turn   | Place    | Note
-------+----------+-------------------------------------------
     0 | D        | rocky1 the Merfolk Shapeshifter began the quest for the
                  | Orb.
     0 | D        | Reached XP level 1. HP: 15/15 MP: 1/1
    11 | D        | Noticed a scorpion
    18 | D        | Killed a scorpion
    19 | D        | Reached skill level 5 in Unarmed Combat
    19 | D        | Reached skill level 7 in Shapeshifting
    19 | D        | Reached XP level 2. HP: 11/21 MP: 2/2
    19 | D        | Reached XP level 3. HP: 14/26 MP: 3/3
    19 | D        | Reached XP level 4. HP: 17/32 MP: 4/4
   128 | D        | Found a bloodstained altar of Trog.
   128 | D        | Found a shimmering blue altar of Sif Muna.
   128 | D        | Found a viscous altar of Jiyva.
   128 | D        | Found a hazy altar of Hepliaklqana.
   128 | D        | Found an opulent altar of Gozag.
   129 | D        | Found a glowing golden altar of the Shining One.
   129 | D        | Found a glowing silver altar of Zin.
   129 | D        | Found a basalt altar of Yredelemnul.
   129 | D        | Found a shimmering altar of Xom.
   129 | D        | Found an ornate altar of the Wu Jian Council.
   129 | D        | Found a sacrificial altar of Ru.
   129 | D        | Found a stormy altar of Qazlal.
   129 | D        | Found an iron altar of Okawaru.
   129 | D        | Found a sparkling altar of Nemelex Xobeh.
   129 | D        | Found a burning altar of Makhleb.
   129 | D        | Found a blossoming altar of Fedhas.
   129 | D        | Found a white marble altar of Elyvilon.
   129 | D        | Found a shadowy altar of Dithmenos.
   129 | D        | Found a snail-covered altar of Cheibriados.
   132 | D        | Found a corrupted altar of Lugonu.
   132 | D        | Found a radiant altar of Vehumet.
   133 | D        | Found an ancient bone altar of Kikubaaqudgha.
   133 | D        | Found a hide-covered altar of Uskayaw.
   133 | D        | Found a broken altar of Ashenzari.
   136 | D        | Became a worshipper of Gozag Ym Sagoz the Greedy
   192 | D        | Noticed a sky beast
   222 | D        | HP: 1/32 [something (5)]
   222 | D        | Slain by a sky beast

Illustrated notes

Levels and vault maps discovered:
D:        pitsprint [storerooms_1, entrance_room_1, metal_vault_2, armoury_1,
          mini_pit_1, grid_room_1, main_hall_1, silver_pit, the_coven_2,
          the_vestibule_1, steel_vault_5, golden_pit, hallway_of_sentries,
          crystal_vault_4, iron_vault_4, final_vault]

Skill      XL: |  1  2  3  4 |
---------------+-------------+-----
Dodging        | 3 |  3.9
Unarmed Combat | 5 6 |  6.1
Shapeshifting  | 7 |  7.9
Fighting       | |  1.2

Action                     |  1- 3 |  4- 6 || total
---------------------------+-------+-------++-------
  Melee: Unarmed           |     5 |    31 ||    36
         Punch             |       |     1 ||     1
    Use: Potion            |     1 |     1 ||     2
 Armour: Animal skin       |       |     5 ||     5
  Dodge: Dodged            |     4 |    12 ||    16

Table legend: (Time is in decaauts)
 A = Elapsed time spent in this place.
 B = Non-inter-level travel time spent in this place.
 C = Inter-level travel time spent in this place.
 D = Time resting spent in this place.
 E = Time spent auto-exploring this place.
 F = Levels seen in this place.
 G = Mean time per level.
                   A        B        C        D        E       F      G
               +--------+--------+--------+--------+--------+-----+--------+
         Total |    233 |    233 |      0 |    121 |      0 |   1 |  233.0 |
       Dungeon |    233 |    233 |      0 |    121 |      0 |   1 |  233.0 |
               +--------+--------+--------+--------+--------+-----+--------+

Top non-repeatable levels by time:
       D: 233 daAuts
